 Seeded DCSS version 0.28-a0-1613-gdaab1c2f9b (webtiles) character file.

Game seed: 11 (custom seed)

1895 knot the Cleaver (level 8, 0/58 HPs)
             Began as a Demonspawn Berserker on Jan 22, 2022.
             Was a Believer of Trog.
             Succumbed to a killer bee's poison
             ... on level 6 of the Dungeon.
             The game lasted 00:09:26 (9289 turns).

knot the Cleaver (Demonspawn Berserker)             Turns: 9289, Time: 00:09:27

Health: 0/58       AC:  4    Str: 18    XL:     8   Next: 93%
Magic:  8/8        EV: 12    Int: 11    God:    Trog [**....]
Gold:   256        SH:  0    Dex: 12    Spells: 7/7 levels left

rFire   . . .      SeeInvis .   a - +0 hand axe
rCold   . . .      Faith    .   (no shield)
rNeg    . . .      Spirit   .   g - +0 leather armour
rPois   .          Reflect  .   (no helmet)
rElec   .          Harm     .   (no cloak)
rCorr   .          Rampage  .   (no gloves)
Will    .....                   x - +0 pair of boots
Stlth   +.........              (no amulet)
HPRegen 2.19/turn               (no ring)
MPRegen 0.11/turn               (no ring)

@: lethally poisoned (0 -> -23), on berserk cooldown
A: powered by death 2, sturdy frame 1, weakness stinger 1
a: Renounce Religion, Berserk, Trog's Hand


You were on level 6 of the Dungeon.
You worshipped Trog.
Trog was pleased with you.
You visited 1 branch of the dungeon, and saw 6 of its levels.
You also visited: Sewer.

You collected 256 gold pieces.

Inventory:

Hand Weapons
 a - a +0 hand axe (weapon)
Missiles
 d - 111 stones
 j - 4 boomerangs (quivered)
 p - 2 atropa-tipped darts
 C - 27 sling bullets
Armour
 g - a +0 leather armour (worn)
 x - a +0 pair of boots (worn)
Jewellery
 w - an amulet of magic regeneration
Wands
 y - a wand of charming (5)
Scrolls
 k - a scroll of enchant weapon
 l - 4 scrolls of teleportation
 o - a scroll of summoning
 s - a scroll of fog
 t - 2 scrolls of fear
 z - a scroll of immolation
Potions
 b - a potion of attraction
 c - 4 potions of brilliance
 f - 4 potions of mutation
 h - 2 potions of lignification {unknown}
 i - a potion of curing {unknown}
 m - 2 potions of magic {unknown}
 n - 4 potions of degeneration
 q - a potion of cancellation
 r - a potion of berserk rage {unknown}
 u - 2 potions of flight {unknown}
 v - a potion of invisibility {unknown}
 A - a potion of haste {unknown}
 B - a potion of might


   Skills:
 - Level 3.0 Fighting
 + Level 11.0 Axes
 - Level 1.7 Armour
 - Level 1.7 Dodging


You had 7 spell levels left.
You didn't know any spells.
Your spell library contained the following spells:

 Spells                   Type           Power      Damage    Failure   Level
 Blink                    Tloc           0%         N/A       50%         2
 Manifold Assault         Tloc           0%         N/A       100%        5
 Storm Form               Tmut/Air       0%         N/A       100%        7


Dungeon Overview and Level Annotations

Branches:
Dungeon (6/15)              Sewer (visited)
 Temple: D:4-7

Altars:
Ashenzari
Cheibriados
Dithmenos
Elyvilon
Makhleb
Ru
Trog
Vehumet
Yredelemnul


Innate Abilities, Weirdness & Mutations

You regenerate health from kills.
Your movements are slightly less encumbered by armour. (ER -2)
You have a small tail.


Message History

The killer bee stings you.
You are more poisoned.
The killer bee poisons you!
You closely miss the killer bee. You tail-slap the killer bee.
The killer bee is severely wounded.
You closely miss the killer bee. You hit the killer bee.
You feel very sick. The killer bee barely misses you.
The killer bee closely misses you. The killer bee stings you.
The killer bee barely misses you.
Unknown command.
You barely miss the killer bee.
Your tail-slap misses the killer bee.
The killer bee is severely wounded.
You closely miss the killer bee. You slash the killer bee!
You feel very sick. The killer bee closely misses you.
The killer bee stings you.
You are more poisoned.
The killer bee poisons you! The killer bee stings you!
You are more poisoned.
The killer bee poisons you!
The killer bee stings you but does no damage. x2
You slice the killer bee!!
You kill the killer bee!
Trog accepts your kill.
You miss the killer bee. You barely miss the killer bee.
* * * LOW HITPOINT WARNING * * *
You feel very sick. The killer bee stings you.
* * * LOW HITPOINT WARNING * * *
You are more poisoned.
The killer bee poisons you! The killer bee completely misses you.
The killer bee stings you.
* * * LOW HITPOINT WARNING * * *
You are more poisoned.
The killer bee poisons you!
Your Axes skill increases to level 11!
It was a potion of cancellation.
Your magical effects are unravelling.
You feel magically purged.
You feel a little less mighty now.
You die...

#....#.#.#
#....#.#.#
#....#.#.#
#....#....
#....###.#
#....#
#####....#
#.#.y.y..#
#...†@#..#
#.#.###..#
#.#.# .....
#.#.# #.####
#.#.# ...
#.#.# ..
#.#.# y#
#.#.#
##.#.########


You could see 2 killer bees.

Vanquished Creatures
  Eustachio (D:4)
  A sky beast (D:6)
  4 ogres (D:5)
  2 centaurs
  2 necrophages
  2 phantoms
  A wyvern zombie (D:5)
  A scorpion (D:4)
  2 wyvern skeletons (D:6)
  2 killer bees (D:6)
  A gnoll shaman (D:6)
  2 hounds
  2 bullfrog skeletons
  2 iguanas
  A howler monkey skeleton (D:6)
  5 gnolls
  4 adders
  7 river rats
  A white imp (D:6)
  A worm (D:2)
  A dart slug (D:3)
  An orc (D:3)
  6 endoplasms
  4 giant cockroaches
  4 goblins
  3 hobgoblins
  4 jackals
  2 quokkas
  11 ball pythons
  8 bats
  5 frilled lizards
  7 kobolds
  16 rats
116 creatures vanquished.

Vanquished Creatures (collateral kills)
  A black bear (D:6)
  A howler monkey skeleton (D:6)
  A gnoll (D:6)
3 creatures vanquished.

Vanquished Creatures (others)
  A gnoll sergeant (D:6)
1 creature vanquished.

Grand Total: 120 creatures vanquished

Notes
Turn   | Place    | Note
-------+----------+-------------------------------------------
     0 | D:1      | knot the Demonspawn Berserker began the quest for the Orb.
     0 | D:1      | Reached XP level 1. HP: 18/18 MP: 1/1
    50 | D:1      | Reached skill level 3 in Axes
   127 | D:1      | Gained mutation: You regenerate a little health from kills.
                  | [demonic ancestry]
   127 | D:1      | Reached XP level 2. HP: 24/24 MP: 2/2
   645 | D:1      | Found a faded altar of an unknown god.
   690 | D:1      | Reached ** piety under Trog
   954 | D:2      | Gained mutation: Your movements are slightly less
                  | encumbered by armour. (ER -2) [demonic ancestry]
   954 | D:2      | Reached XP level 3. HP: 25/29 MP: 3/3
  1149 | D:2      | Reached skill level 4 in Axes
  1930 | D:3      | Found a glowing drain.
  1942 | D:3      | Reached XP level 4. HP: 25/35 MP: 4/4
  2081 | Sewer    | Entered a sewer
  2458 | Sewer    | Reached skill level 5 in Axes
  2964 | Sewer    | Reached XP level 5. HP: 41/41 MP: 5/5
  3710 | D:3      | Found a shadowy altar of Dithmenos.
  3713 | D:3      | Found a bloodstained altar of Trog.
  3714 | D:3      | Found a basalt altar of Yredelemnul.
  3714 | D:3      | Found a radiant altar of Vehumet.
  3714 | D:3      | Found a burning altar of Makhleb.
  3716 | D:3      | Found a broken altar of Ashenzari.
  3717 | D:3      | Found a snail-covered altar of Cheibriados.
  3719 | D:3      | Found a sacrificial altar of Ru.
  4477 | D:4      | Reached skill level 6 in Axes
  4477 | D:4      | Gained mutation: You have a small tail. [demonic ancestry]
  4477 | D:4      | Reached XP level 6. HP: 47/47 MP: 6/6
  5015 | D:4      | Noticed Eustachio
  5063 | D:4      | Killed Eustachio
  5064 | D:4      | Reached skill level 7 in Axes
  5219 | D:4      | Gained mutation: You regenerate health from kills. [demonic
                  | ancestry]
  5219 | D:4      | Reached XP level 7. HP: 31/52 MP: 7/7
  5929 | D:5      | Entered Level 5 of the Dungeon
  6754 | D:5      | Reached skill level 8 in Axes
  7498 | D:5      | Reached skill level 9 in Axes
  7498 | D:5      | Reached XP level 8. HP: 58/58 MP: 8/8
  8881 | D:6      | Reached skill level 10 in Axes
  9289 | D:6      | Reached skill level 11 in Axes
  9289 | D:6      | Succumbed to a killer bee's poison

Illustrated notes

Levels and vault maps discovered:
D:1:      minmay_arrival_nine_rooms, layout_rooms, basic_ecumenical_altar
D:2:      layout_basic
D:3:      layout_loops_ring, minitemple, portal_sewer_entry_b,
          lemuel_old_faithful
D:4:      layout_basic, uniq_eustachio
D:5:      layout_layer_cave, minivault_24
D:6:      minmay_chambers_of_threes, layout_basic

Skill      XL: |  1  2  3  4  5  6  7  8 |
---------------+-------------------------+-----
Axes           | 3 4 5 6 7 9 11 | 11.0
Fighting       | |  3.0
Armour         | |  1.7
Dodging        | |  1.7

Action                   |  1- 3 |  4- 6 |  7- 9 || total
-------------------------+-------+-------+-------++-------
Melee: Hand axe          |   137 |   197 |   126 ||   460
       Punch             |     2 |     2 |     2 ||     6
       Tailslap          |       |    11 |    19 ||    30
Throw: Boomerang         |       |     5 |    48 ||    53
Invok: Berserk           |     3 |    10 |     9 ||    22
Evoke: Wand              |       |       |     1 ||     1
  Use: Scroll            |       |       |    11 ||    11
       Potion            |       |       |     2 ||     2
 Stab: Sleeping          |     1 |     4 |       ||     5
Armor: Animal skin       |     1 |       |       ||     1
       Leather armour    |    48 |    26 |    22 ||    96
Dodge: Dodged            |    87 |   110 |    69 ||   266

Table legend: (Time is in decaauts)
 A = Elapsed time spent in this place.
 B = Non-inter-level travel time spent in this place.
 C = Inter-level travel time spent in this place.
 D = Time resting spent in this place.
 E = Time spent auto-exploring this place.
 F = Levels seen in this place.
 G = Mean time per level.
                   A        B        C        D        E       F      G
               +--------+--------+--------+--------+--------+-----+--------+
         Total |   9568 |   9246 |    322 |   3803 |   4366 |   7 | 1366.9 |
       Dungeon |   8297 |   7975 |    322 |   3006 |   4120 |   6 | 1382.8 |
         Sewer |   1271 |   1271 |      0 |    797 |    246 |   1 | 1271.0 |
               +--------+--------+--------+--------+--------+-----+--------+

Top non-repeatable levels by time:
     D:4: 2422 daAuts
     D:5: 2021 daAuts
   Sewer: 1271 daAuts
     D:3: 1163 daAuts
     D:2: 1010 daAuts
     D:1: 878 daAuts
     D:6: 801 daAuts
